 Dungeon Crawl Stone Soup version 0.24-a0-252-g5076262 (webtiles) character file.

Game seed: 12214016493448595232

21 Hasart the Cutter (level 3, -1/22 HPs)
             Began as a Kobold Gladiator on Apr 17, 2019.
             Slain by a frilled lizard (2 damage)
             ... on level 1 of the Dungeon on Apr 18, 2019.
             The game lasted 00:02:12 (254 turns).

Hasart the Cutter (Kobold Gladiator)                 Turns: 254, Time: 00:02:13

Health: -1/22      AC:  4    Str: 12    XL:     3   Next: 2%
Magic:  3/3        EV: 16    Int:  9    God:
Gold:   15         SH:  0    Dex: 16    Spells: 2/2 levels left

rFire    . . .     SeeInvis .   a - +0 rapier
rCold    . . .     Gourm    .   (shield restricted)
rNeg     . . .     Faith    .   b - +0 leather armour
rPois    .         Spirit   .   c - +0 helmet
rElec    .         Reflect  .   (no cloak)
rCorr    .         Harm     .   (no gloves)
MR       .....                  (no boots)
Stlth    ++........             (no amulet)
HPRegen  0.07/turn              (no ring)
MPRegen  0.08/turn              (no ring)

@: no status effects
A: small, carnivore
a: no special abilities


You were on level 1 of the Dungeon.
You were completely stuffed.

You visited 1 branch of the dungeon, and saw 1 of its levels.

You collected 15 gold pieces.

Inventory:

Hand Weapons
 a - a +0 rapier (weapon)
Missiles
 d - 3 throwing nets (quivered)
Armour
 b - a +0 leather armour (worn)
 c - a +0 helmet (worn)
Potions
 e - a potion of degeneration {unknown}
Comestibles
 f - 2 rations
 g - a chunk of flesh


   Skills:
 + Level 2.4 Fighting
 * Level 4.5 Short Blades
 - Level 2.1 Throwing
 + Level 0.6 Armour
 + Level 3.8 Dodging
 + Level 1.0 Stealth


You had 2 spell levels left.
You didn't know any spells.
Your spell library was empty.

Dungeon Overview and Level Annotations

Branches:
Dungeon (1/15)

Altars:


Innate Abilities, Weirdness & Mutations

You are small and have problems with some larger weapons.
You are carnivorous and can eat meat at any time.


Message History

The leopard gecko bites you.
You barely miss the leopard gecko.
The leopard gecko is moderately wounded.
The frilled lizard barely misses you. The leopard gecko bites you.
The kobold hits you. The rat misses you.
You completely miss the rat. The frilled lizard misses you.
The leopard gecko barely misses you. The kobold hits you but does no damage.
The rat closely misses you.
You hit the rat.
The rat is moderately wounded.
The leopard gecko bites you.
* * * LOW HITPOINT WARNING * * *
The frilled lizard closely misses you. The kobold misses you.
The rat misses you.
You hit the rat.
You kill the rat!
The leopard gecko bites you.
* * * LOW HITPOINT WARNING * * *
The frilled lizard bites you.
You die...

# .....K. #. ....... .###.##
....... ....... .......
......(##### .r..>..
......K@lsr# .....
......l###g##..#.# .......
#..s.#..## .......
#.#g........#. .......
#.##.......... ......>
#.#.........# #######
#...........# ##..........#
################...........#


You could see a leopard gecko, a giant cockroach, a goblin, a kobold, a frilled
lizard and a rat.

Vanquished Creatures
  An ooze (D:1)
  A leopard gecko (D:1)
  2 giant cockroaches (D:1)
  3 goblins (D:1)
  2 hobgoblins (D:1)
  A kobold (D:1)
  3 bats (D:1)
  A frilled lizard (D:1)
  A rat (D:1)
15 creatures vanquished.

Notes
Turn   | Place    | Note
-------+----------+-------------------------------------------
     0 | D:1      | Hasart the Kobold Gladiator began the quest for the Orb.
     0 | D:1      | Reached XP level 1. HP: 12/12 MP: 1/1
    15 | D:1      | Reached XP level 2. HP: 13/17 MP: 2/2
   246 | D:1      | Reached skill level 1 in Stealth
   246 | D:1      | Reached XP level 3. HP: 18/22 MP: 3/3
   254 | D:1      | HP: 1/22 [leopard gecko (3)]
   254 | D:1      | Slain by a frilled lizard

Levels and vault maps discovered:
D:1:      eino_arrival_tree_alley, layout_rooms

Skill      XL: |  1  2 |
---------------+-------+-----
Stealth        | 1 |  1.0
Fighting       | |  2.4
Short Blades   | |  4.5
Throwing       | |  2.1
Armour         | |  0.6
Dodging        | |  3.8

Action                   || total
-------------------------++-------
Melee: Rapier            ||    40
  Eat: Chunk             ||     6
Armor: Leather armour    ||    10
Dodge: Dodged            ||    55

Table legend:
 A = Non-vault XP
 B = Vault XP
 C = Vault XP percentage of total XP
 D = Non-vault monster count
 E = Vault monster count
 F = Vault count percentage of total count
                 A         B        C        D         E       F
            +---------+---------+-------+---------+---------+-------
      Total |      30 |       0 |   0.0 |      15 |       0 |   0.0
            +---------+---------+-------+---------+---------+-------
        D:1 |      30 |       0 |   0.0 |      15 |       0 |   0.0
            +---------+---------+-------+---------+---------+-------
